PBL
TROIS-RIVERES AIGLES @ BROCKTON ROX
05/15/2044
 
TOP OF THE 1ST
Trois-Riveres Aigles batting - Pitching for Brockton Rox : RHP Mike Goodwin
Pitching: RHP Mike Goodwin
Batting: LHB Jonathan Spino 0-0: Called Strike
0-1: DOUBLE (Line Drive, 9LS, EV 95.0 MPH)
Batting: RHB Sesto Carpini 0-0: Called Strike
0-1: Fly out, F7 (Flyball, 7D, EV 73.8 MPH)
Batting: LHB Rocky Crowley 0-0: Called Strike
0-1: Ball
1-1: SINGLE (Groundball, 25, EV 71.9 MPH) (infield hit)
Jonathan Spino to third
Batting: LHB Harris Vink 0-0: Called Strike
0-1: Called Strike
0-2: Ball
1-2: Foul Ball, location: 2F
1-2: Foul Ball, location: 2F
1-2: Ball
2-2: Ball
3-2: Strikes out swinging
Batting: RHB Jose Arriola 0-0: Foul Ball, location: 2F
0-1: Fly out, F8 (Flyball, 8RS, EV 80.0 MPH)
Top of the 1st over - 0 runs, 2 hits, 0 errors, 2 left on base; Trois-Riveres 0 - Brockton 0
BOTTOM OF THE 1ST
Brockton Rox batting - Pitching for Trois-Riveres Aigles : RHP Jaime Astacio
Pitching: RHP Jaime Astacio
Batting: LHB John Buff 0-0: Ball
1-0: Ball
2-0: Ground out 6-3 (Groundball, 6, EV 86.2 MPH)
Batting: RHB Mike Griffin 0-0: Ball
1-0: Ball
2-0: Ball
3-0: Called Strike
3-1: Ground out 6-3 (Groundball, 6, EV 92.5 MPH)
Batting: LHB Jarrett Mordecai 0-0: Ball
1-0: Ball
2-0: Foul Ball, location: 2F
2-1: Called Strike
2-2: Foul Ball, location: 2F
2-2: Strikes out swinging
Bottom of the 1st over - 0 runs, 0 hits, 0 errors, 0 left on base; Trois-Riveres 0 - Brockton 0
TOP OF THE 2ND
Trois-Riveres Aigles batting - Pitching for Brockton Rox : RHP Mike Goodwin
Batting: SHB Joshua Jackson 0-0: Ball
1-0: Ball
2-0: Called Strike
2-1: TRIPLE (Flyball, 78XD, EV 103.1 MPH)
Batting: RHB Nelle Lommen 0-0: Ball
1-0: Swinging Strike
1-1: Swinging Strike
1-2: Foul Ball, location: 2F
1-2: Fly out, F8 (Flyball, 8LD, EV 76.9 MPH)
Runner from 3rd tags up, OUT at HOME! 8-2
Batting: RHB Jason Penfield 0-0: SINGLE (Line Drive, 7LS, EV 108.1 MPH)
Batting: RHB Josh Harmon 0-0: Called Strike
0-1: Fly out, F7 (Flyball, 7D, EV 102.5 MPH)
Top of the 2nd over - 0 runs, 2 hits, 0 errors, 1 left on base; Trois-Riveres 0 - Brockton 0
BOTTOM OF THE 2ND
Brockton Rox batting - Pitching for Trois-Riveres Aigles : RHP Jaime Astacio
Batting: LHB Carlos Guerra 0-0: Called Strike
0-1: Ball
1-1: Swinging Strike
1-2: Foul Ball, location: 2F
1-2: Strikes out swinging
Batting: RHB Alex Melendez 0-0: Fly out, F9 (Flyball, 9S, EV 87.5 MPH)
Batting: RHB Ted Emmerich 0-0: Ball
1-0: Ball
2-0: Called Strike
2-1: SINGLE (Groundball, 13, EV 88.1 MPH) (infield hit)
Batting: RHB Scott Hawkins 0-0: Reached on error, E4 (Groundball, 4, EV 88.8 MPH)
Ted Emmerich to second
Batting: RHB Josh Smith 0-0: Fielders Choice at 2nd, 5-4 (Groundball, 56, EV 88.8 MPH)
Bottom of the 2nd over - 0 runs, 1 hit, 1 error, 2 left on base; Trois-Riveres 0 - Brockton 0
TOP OF THE 3RD
Trois-Riveres Aigles batting - Pitching for Brockton Rox : RHP Mike Goodwin
Batting: LHB Jonathan Spino 0-0: DOUBLE (Flyball, 8RXD, EV 91.9 MPH)
Batting: RHB Sesto Carpini 0-0: Ball
1-0: Ball
2-0: Called Strike
2-1: Ball
3-1: Called Strike
3-2: Ground out 4-3 (Groundball, 4, EV 83.1 MPH)
Jonathan Spino to third
Pitching: RHP Josiah Russell
Batting: LHB Rocky Crowley 0-0: Foul Ball, location: 2F
0-1: Called Strike
0-2: 2-RUN HOME RUN (Flyball, 9LD, EV 92.5 MPH), Distance : 344 ft
Batting: LHB Harris Vink 0-0: Called Strike
0-1: Called Strike
0-2: Foul Ball, location: 2F
0-2: Strikes out swinging
Batting: RHB Jose Arriola 0-0: Called Strike
0-1: Foul Ball, location: 2F
0-2: Foul Ball, location: 2F
0-2: Strikes out swinging
Top of the 3rd over - 2 runs, 2 hits, 0 errors, 0 left on base; Trois-Riveres 2 - Brockton 0
BOTTOM OF THE 3RD
Brockton Rox batting - Pitching for Trois-Riveres Aigles : RHP Jaime Astacio
Batting: LHB Mike Hutcheson 0-0: Called Strike
0-1: Ground out 4-3 (Groundball, 4, EV 90.6 MPH)
Batting: LHB John Buff 0-0: Called Strike
0-1: Swinging Strike
0-2: Ball
1-2: Ball
2-2: Ball
3-2: Ground out 5-3 (Groundball, 56, EV 85.6 MPH)
Batting: RHB Mike Griffin 0-0: Fly out, F8 (Flyball, 8RM, EV 97.5 MPH)
Bottom of the 3rd over - 0 runs, 0 hits, 0 errors, 0 left on base; Trois-Riveres 2 - Brockton 0
TOP OF THE 4TH
Trois-Riveres Aigles batting - Pitching for Brockton Rox : RHP Josiah Russell
Batting: SHB Joshua Jackson 0-0: Foul Ball, location: 2F
0-1: Ball
1-1: Swinging Strike
1-2: Strikes out swinging
Batting: RHB Nelle Lommen 0-0: Ball
1-0: Foul Ball, location: 2F
1-1: Ball
2-1: Ground out 4-3 (Groundball, 34, EV 91.2 MPH)
Batting: RHB Jason Penfield 0-0: Ground out 5-3 (Groundball, 5, EV 85.6 MPH)
Top of the 4th over - 0 runs, 0 hits, 0 errors, 0 left on base; Trois-Riveres 2 - Brockton 0
BOTTOM OF THE 4TH
Brockton Rox batting - Pitching for Trois-Riveres Aigles : RHP Jaime Astacio
Batting: LHB Jarrett Mordecai 0-0: Foul Ball, location: 2F
0-1: Ball
1-1: Ball
2-1: Fly out, F4 (Line Drive, 4, EV 70.0 MPH)
Batting: LHB Carlos Guerra 0-0: Ball
1-0: Ball
2-0: Ball
3-0: Called Strike
3-1: Swinging Strike
3-2: Base on Balls
Batting: RHB Alex Melendez 0-0: Called Strike
0-1: Called Strike
0-2: Ball
1-2: Strikes out swinging
Batting: RHB Ted Emmerich 0-0: Called Strike
0-1: Ball
1-1: Foul Ball, location: 2F
1-2: Ball
2-2: Ball
3-2: Base on Balls
Carlos Guerra to second
Batting: RHB Scott Hawkins 0-0: DOUBLE (Line Drive, 89D, EV 109.4 MPH)
Carlos Guerra scores
Ted Emmerich to third
Runner from 3rd tries for Home, SAFE, throw by RF to home
Batting: RHB Josh Smith 0-0: Swinging Strike
0-1: Ball
1-1: Called Strike
1-2: Foul Ball, location: 2F
1-2: Ball
2-2: Strikes out swinging
Bottom of the 4th over - 2 runs, 1 hit, 0 errors, 1 left on base; Trois-Riveres 2 - Brockton 2
TOP OF THE 5TH
Trois-Riveres Aigles batting - Pitching for Brockton Rox : RHP Josiah Russell
Batting: RHB Josh Harmon 0-0: Ball
1-0: Fly out, F8 (Flyball, 8RM, EV 90.6 MPH)
Batting: LHB Jonathan Spino 0-0: Ball
1-0: Ball
2-0: Ball
3-0: Base on Balls
Batting: RHB Sesto Carpini 0-0: Called Strike
Jonathan Spino steals 2nd base
0-1: Foul Ball, location: 2F
0-2: Foul Ball, location: 2F
0-2: Ball
1-2: Ball
2-2: Foul Ball, location: 2F
2-2: Strikes out swinging
Pitching: RHP Aaron Brannon
Batting: LHB Rocky Crowley 0-0: Called Strike
0-1: Ball
1-1: SINGLE (Groundball, 34S, EV 69.4 MPH) (infield hit)
Jonathan Spino to third
Batting: LHB Harris Vink 0-0: Called Strike
0-1: Called Strike
0-2: Ball
1-2: Foul Ball, location: 2F
1-2: Strikes out swinging
Top of the 5th over - 0 runs, 1 hit, 0 errors, 2 left on base; Trois-Riveres 2 - Brockton 2
BOTTOM OF THE 5TH
Brockton Rox batting - Pitching for Trois-Riveres Aigles : RHP Jaime Astacio
Batting: LHB Mike Hutcheson 0-0: Ball
1-0: Ground out U3 (Groundball, 34, EV 87.5 MPH)
Batting: LHB John Buff 0-0: Ball
1-0: Ball
2-0: Ball
3-0: Base on Balls
Batting: RHB Mike Griffin 0-0: Ball
Wild Pitch!
John Buff to second
1-0: Ball
2-0: Ball
3-0: Base on Balls
Batting: LHB Jarrett Mordecai 0-0: Ball
1-0: SINGLE (Line Drive, 8LS, EV 92.5 MPH)
John Buff to third
Mike Griffin to second
Batting: LHB Carlos Guerra 0-0: Ball
1-0: Foul Ball, location: 2F
1-1: Fly out, F9 (Flyball, 9D, EV 106.9 MPH)
Runner from 3rd tags up, SCORES, throw by RF
Mike Griffin to third
Batting: RHB Alex Melendez 0-0: Ball
1-0: Foul Ball, location: 2F
1-1: Ball
2-1: Swinging Strike
Pickoff Throw by Catcher to First - Out!
Bottom of the 5th over - 1 run, 1 hit, 0 errors, 1 left on base; Trois-Riveres 2 - Brockton 3
TOP OF THE 6TH
Trois-Riveres Aigles batting - Pitching for Brockton Rox : RHP Aaron Brannon
Pinch Hitting: SHB Berthold Frey 0-0: Foul Ball, location: 2F
0-1: Swinging Strike
0-2: Ball
1-2: Ball
2-2: DOUBLE (Groundball, 5L, EV 105.6 MPH)
Batting: SHB Joshua Jackson 0-0: Ball
1-0: Called Strike
1-1: Ball
2-1: Foul Ball, location: 2F
2-2: Ball
3-2: Base on Balls
Batting: RHB Nelle Lommen 0-0: TRIPLE (Line Drive, 9LD, EV 105.6 MPH)
Berthold Frey scores
Joshua Jackson scores
Batting: RHB Jason Penfield 0-0: Ball
1-0: Ground out 6-3 (Groundball, 6, EV 88.8 MPH)
Batting: RHB Josh Harmon 0-0: Swinging Strike
0-1: SINGLE (Groundball, 34D, EV 98.1 MPH)
Nelle Lommen scores
Pitching: LHP Anton Lara
Batting: LHB Jonathan Spino 0-0: Ball
1-0: Swinging Strike
1-1: Swinging Strike
1-2: Ball
2-2: Foul Ball, location: 2F
2-2: Foul Ball, location: 2F
2-2: Strikes out swinging
Pitching: RHP Jim Whiteman
Batting: RHB Sesto Carpini 0-0: Fly out, F9 (Flyball, 9D, EV 103.8 MPH)
Top of the 6th over - 3 runs, 3 hits, 0 errors, 1 left on base; Trois-Riveres 5 - Brockton 3
BOTTOM OF THE 6TH
Brockton Rox batting - Pitching for Trois-Riveres Aigles : RHP Jaime Astacio
Now at 1B: Kyler Seitz
Batting: RHB Alex Melendez 0-0: Ball
1-0: Ball
2-0: Ball
3-0: Ground out 1-3 (Groundball, 15S, EV 65.0 MPH)
Batting: RHB Ted Emmerich 0-0: Ball
1-0: Swinging Strike
1-1: Called Strike
1-2: Foul Ball, location: 2F
1-2: Fly out, F9 (Flyball, 9S, EV 83.1 MPH)
Batting: RHB Scott Hawkins 0-0: Ball
1-0: Ball
2-0: Ball
3-0: Called Strike
3-1: DOUBLE (Line Drive, 78D, EV 106.9 MPH)
Batting: RHB Josh Smith 0-0: Ball
1-0: Called Strike
1-1: Ground out 5-3 (Groundball, 56, EV 96.9 MPH)
Bottom of the 6th over - 0 runs, 1 hit, 0 errors, 1 left on base; Trois-Riveres 5 - Brockton 3
TOP OF THE 7TH
Trois-Riveres Aigles batting - Pitching for Brockton Rox : RHP Jim Whiteman
Batting: LHB Rocky Crowley 0-0: Ball
1-0: Ball
2-0: Ball
3-0: Called Strike
3-1: Foul Ball, location: 2F
3-2: Foul Ball, location: 2F
3-2: Strikes out looking
Batting: LHB Harris Vink 0-0: Called Strike
0-1: DOUBLE (Line Drive, 89M, EV 88.1 MPH)
Batting: RHB Kyler Seitz 0-0: Ball
1-0: Called Strike
1-1: Fly out, F7 (Line Drive, 7, EV 91.9 MPH)
Batting: SHB Joshua Jackson 0-0: Called Strike
0-1: Swinging Strike
0-2: Ball
1-2: Ball
2-2: Ball
3-2: Strikes out looking
Top of the 7th over - 0 runs, 1 hit, 0 errors, 1 left on base; Trois-Riveres 5 - Brockton 3
BOTTOM OF THE 7TH
Brockton Rox batting - Pitching for Trois-Riveres Aigles : RHP Jaime Astacio
Batting: LHB Mike Hutcheson 0-0: SINGLE (Groundball, 3S, EV 65.0 MPH) (infield hit)
Batting: LHB John Buff 0-0: Ball
Mike Hutcheson steals 2nd base
1-0: Foul Ball, location: 2F
1-1: Ball
2-1: DOUBLE (Line Drive, 3D, EV 95.0 MPH)
Mike Hutcheson scores
Pinch Hitting: LHB Miguel Maymi 0-0: Called Strike
0-1: Ball
1-1: SINGLE (Line Drive, 9S, EV 104.4 MPH)
John Buff to third
Pitching: LHP Tim Pulliam
Batting: LHB Jarrett Mordecai 0-0: Called Strike
0-1: Foul Ball, location: 2F
0-2: Ball
1-2: Ball
2-2: Foul Ball, location: 2F
2-2: Ball
3-2: SINGLE (Groundball, 4D, EV 95.0 MPH)
John Buff scores
Miguel Maymi to second
Runner from 2nd tries for 3rd, SAFE, throw by RF made to third
Pinch Hitting: RHB Sal Rivera 0-0: Called Strike
0-1: Foul Ball, location: 2F
0-2: Foul Ball, location: 2F
0-2: Foul Ball, location: 2F
0-2: Ball
1-2: Strikes out swinging
Batting: RHB Alex Melendez 0-0: Ball
1-0: Ball
2-0: Grounds into double play, U6-3 (Groundball, 4M, EV 83.8 MPH)
Bottom of the 7th over - 2 runs, 4 hits, 0 errors, 1 left on base; Trois-Riveres 5 - Brockton 5
TOP OF THE 8TH
Trois-Riveres Aigles batting - Pitching for Brockton Rox : RHP Jim Whiteman
Now at 2B: Miguel Maymi
Now at 3B: Travis Campbell
Pinch Hitting: SHB Ray Luna 0-0: Called Strike
0-1: Foul Ball, location: 2F
0-2: Ball
1-2: Foul Ball, location: 2F
1-2: Ball
2-2: Foul Ball, location: 2F
2-2: Ball
3-2: DOUBLE (Line Drive, 78D, EV 104.4 MPH)
Pinch Hitting: LHB Tony Zizumbo 0-0: Intentional Walk
Batting: LHB Oscar Curiel 0-0: Ball
1-0: Swinging Strike
1-1: Foul Ball, location: 2F
1-2: Ball
2-2: Ball
3-2: Fielders Choice at 2nd, 4-6 (Groundball, 4S, EV 81.2 MPH)
Ray Luna to third
Batting: LHB Jonathan Spino 0-0: Ball
1-0: Ball
2-0: Swinging Strike
2-1: Ball
3-1: Foul Ball, location: 2F
3-2: Strikes out swinging
Pinch Hitting: LHB Dave Northam 0-0: Ball
1-0: Ball
2-0: Foul Ball, location: 2F
2-1: Foul Ball, location: 2F
2-2: Fly out, F6 (Popup, 6, EV 66.2 MPH)
Top of the 8th over - 0 runs, 1 hit, 0 errors, 2 left on base; Trois-Riveres 5 - Brockton 5
BOTTOM OF THE 8TH
Brockton Rox batting - Pitching for Trois-Riveres Aigles : LHP Tim Pulliam
Pitching: LHP Micah Adams
Now at C: Joshua Jackson
Now at 2B: Dave Northam
Now at 3B: Tony Zizumbo
Now at SS: Dave Reynoso
Batting: RHB Ted Emmerich 0-0: Ball
1-0: Called Strike
1-1: Foul Ball, location: 2F
1-2: Ground out 6-3 (Groundball, 6, EV 86.9 MPH)
Batting: RHB Scott Hawkins 0-0: Called Strike
0-1: Swinging Strike
0-2: Ball
1-2: Ball
2-2: Strikes out swinging
Batting: RHB Josh Smith 0-0: Called Strike
0-1: Ball
1-1: Called Strike
1-2: Ball
2-2: Strikes out swinging
Bottom of the 8th over - 0 runs, 0 hits, 0 errors, 0 left on base; Trois-Riveres 5 - Brockton 5
TOP OF THE 9TH
Trois-Riveres Aigles batting - Pitching for Brockton Rox : RHP Jim Whiteman
Pitching: LHP Chris Deans
Batting: LHB Rocky Crowley 0-0: Foul Ball, location: 2F
0-1: Foul Ball, location: 2F
0-2: Ball
1-2: Fly out, F8 (Line Drive, 8LM, EV 93.8 MPH)
Pinch Hitting: RHB T.J. Spina 0-0: Ball
1-0: Ball
2-0: Called Strike
2-1: Ball
3-1: Base on Balls
Pinch Hitting: RHB John Downing 0-0: Called Strike
0-1: Ball
1-1: Ball
2-1: Ball
3-1: Called Strike
3-2: Reached on error, E5 (Groundball, 5, EV 81.9 MPH)
T.J. Spina to second
Batting: SHB Joshua Jackson 0-0: Ball
1-0: Ball
2-0: Foul Ball, location: 2F
2-1: Foul Ball, location: 2F
2-2: Ball
3-2: Foul Ball, location: 2F
3-2: Foul Ball, location: 2F
3-2: Foul Ball, location: 2F
3-2: Base on Balls
T.J. Spina to third
John Downing to second
Pitching: RHP Joseph Anderson
Batting: SHB Dave Reynoso 0-0: Ball
1-0: Called Strike
1-1: Ball
2-1: Foul Ball, location: 2F
2-2: Ball
3-2: Grounds into fielders choice 6-2 (Groundball, 4, EV 88.8 MPH)
John Downing to third
Joshua Jackson to second
Batting: LHB Tony Zizumbo 0-0: Called Strike
0-1: Ball
1-1: Swinging Strike
1-2: Strikes out swinging
Top of the 9th over - 0 runs, 0 hits, 1 error, 3 left on base; Trois-Riveres 5 - Brockton 5
BOTTOM OF THE 9TH
Brockton Rox batting - Pitching for Trois-Riveres Aigles : LHP Micah Adams
Pitching: RHP David Hardy
Now at 1B: Gabe Wilcoxon
Now in RF: Dave Galloway
Batting: LHB Mike Hutcheson 0-0: Fly out, F8 (Flyball, 8RM, EV 83.1 MPH)
Batting: LHB John Buff 0-0: Ball
1-0: Swinging Strike
1-1: Swinging Strike
1-2: Foul Ball, location: 2F
1-2: Ground out 4-3 (Groundball, 34D, EV 104.4 MPH)
Batting: LHB Miguel Maymi 0-0: Called Strike
0-1: Ball
1-1: Foul Ball, location: 2F
1-2: SINGLE (Groundball, 5S, EV 69.4 MPH) (infield hit)
Batting: LHB Jarrett Mordecai 0-0: Called Strike
0-1: Called Strike
0-2: Ball
1-2: Ball
2-2: Ball
3-2: Base on Balls
Miguel Maymi to second
Batting: RHB Travis Campbell 0-0: Swinging Strike
0-1: Foul Ball, location: 2F
0-2: Foul Ball, location: 2F
0-2: Ball
1-2: Strikes out swinging
Bottom of the 9th over - 0 runs, 1 hit, 0 errors, 2 left on base; Trois-Riveres 5 - Brockton 5
TOP OF THE 10TH
Trois-Riveres Aigles batting - Pitching for Brockton Rox : RHP Joseph Anderson
Batting: LHB Oscar Curiel 0-0: Swinging Strike
0-1: Foul Ball, location: 2F
0-2: Ball
1-2: Foul Ball, location: 2F
1-2: SINGLE (Line Drive, 78S, EV 104.4 MPH)
Batting: LHB Jonathan Spino 0-0: Sac Bunt to 5S - play at second, runner safe!
Batting: LHB Dave Northam 0-0: Ball
1-0: Called Strike
1-1: Swinging Strike
1-2: Strikes out looking
Batting: LHB Rocky Crowley 0-0: Foul Ball, location: 2F
0-1: DOUBLE (Groundball, 5L, EV 103.1 MPH)
Oscar Curiel scores
Jonathan Spino to third
Batting: RHB Gabe Wilcoxon 0-0: Fly out, F8 (Flyball, 8RXD, EV 106.9 MPH)
Runner from 3rd tags up, SCORES, no throw by CF
Batting: RHB Dave Galloway 0-0: Ball
1-0: SINGLE (Groundball, 56D, EV 94.4 MPH)
Rocky Crowley to third
Runner from 3rd tries for Home, SAFE, throw by LF to home
Dave Galloway to second
Batting: SHB Joshua Jackson 0-0: Called Strike
0-1: Called Strike
0-2: Ball
1-2: Foul Ball, location: 2F
1-2: Ball
2-2: Strikes out looking
Top of the 10th over - 3 runs, 3 hits, 0 errors, 1 left on base; Trois-Riveres 8 - Brockton 5
BOTTOM OF THE 10TH
Brockton Rox batting - Pitching for Trois-Riveres Aigles : RHP David Hardy
Pitching: RHP Ricky Enriquez
Batting: RHB Alex Melendez 0-0: Called Strike
0-1: Ball
1-1: Ground out 6-3 (Groundball, 6M, EV 85.0 MPH)
Batting: RHB Ted Emmerich 0-0: SINGLE (Line Drive, 6D, EV 103.8 MPH)
Batting: RHB Scott Hawkins 0-0: Ball
1-0: DOUBLE (Line Drive, 7LS, EV 101.2 MPH)
Ted Emmerich to third
Batting: RHB Josh Smith 0-0: Ball
1-0: Ball
2-0: Fly out, F8 (Flyball, 8LD, EV 96.2 MPH)
Runner from 3rd tags up, SCORES, no throw by CF
Batting: LHB Mike Hutcheson 0-0: Ball
1-0: Swinging Strike
1-1: Foul Ball, location: 2F
1-2: Foul Ball, location: 2F
1-2: Ball
2-2: Strikes out looking
Bottom of the 10th over - 1 run, 2 hits, 0 errors, 1 left on base; Trois-Riveres 8 - Brockton 6
Thursday, March 31st , 2022 - OOTP Baseball 22.12 Build 89